AoeStats
← lahwy

Nomad

509118960Analyzed
4v4 RM · 5d ago on Sep 25, 2026· 33m 59s· 8 players
Game mode
Random Map
Map size
231×231
Population
200
Speed
Normal
Resources
Standard
Victory
Conquest
Starting age
Dark Age
Ending age
Imperial Age
RankedLock teamsTeams togetherTeam positionsShared explorationLock speedFull tech treeHidden civsTurbo modeCheats
Victory
Defeat
🇺🇸 Turks · United States
782
+16
🇹🇷 Aztecs · Türkiye
728
+18
🇨🇿 Chinese · Czechia
712
+20
🇨🇿 Bohemians · Czechia
704
+20
🇿🇦 Sicilians · South Africa
800
-19
🇹🇷 Jurchens · Türkiye
795
-19
🇹🇷 Bengalis · Türkiye
794
-19
743
-17
Genovese.
13:54 Feudal Age
14:29 Double-Bit Axe
17:14 Wheelbarrow
20:09 Horse Collar
22:49 Fletching
25:47 Castle Age
24:29 Gold Mining
24:30 Stone Mining
26:09 Padded Archer Armor
26:27 Bodkin Arrow
28:15 Bow Saw
30:09 Heavy Plow
Generalguvernör von Berglund
8:12 Loom
14:00 Feudal Age
16:14 Forging
15:42 Man-at-Arms
17:13 Scale Mail Armor
19:04 Fletching
20:40 Double-Bit Axe
20:36 Horse Collar
27:51 Castle Age
29:13 Heavy Plow
29:17 Stone Mining
29:18 Gold Mining
Ramizpaşa
3:38 Loom
16:16 Feudal Age
17:22 Double-Bit Axe
17:21 Horse Collar
17:48 Arson
19:23 Fishing Lines
20:05 Bloodlines
21:41 Fletching
22:01 Forging
21:52 Padded Archer Armor
25:08 Castle Age
24:29 Fletching
24:50 Forging
24:33 Stone Mining
25:29 Gold Mining
27:33 Husbandry
Encara messi855
18:54 Feudal Age
24:27 Horse Collar
27:27 Castle Age
26:40 Forging
26:21 Fletching
29:23 Crossbowman
30:50 Iron Casting
30:11 Bodkin Arrow
31:47 Double-Bit Axe
33:48 Heavy Plow
34:15 Scale Barding Armor
LangyMeister
13:07 Feudal Age
13:35 Loom
14:03 Horse Collar
16:28 Double-Bit Axe
20:01 Man-at-Arms
31:29 Castle Age
34:44 Wheelbarrow
lahwy
3:54 Loom
15:17 Feudal Age
17:02 Double-Bit Axe
17:38 Horse Collar
18:30 Arson
18:06 Man-at-Arms
22:41 Scale Mail Armor
22:52 Forging
24:00 Fletching
27:58 Wheelbarrow
27:09 Town Watch
SheriffLoyd
6:45 Loom
20:33 Feudal Age
23:23 Fishing Lines
30:34 Wheelbarrow
33:32 Castle Age
MousePuddles
16:13 Loom
17:59 Feudal Age
19:41 Double-Bit Axe
25:41 Castle Age
27:56 Forging
27:53 Scale Barding Armor
30:04 Gold Mining
30:27 Bow Saw
29:58 Horse Collar
Connection lost

Rejoining the realm…

Still unreachable

The connection could not be restored.

Session expired

The server has moved on; the page needs a fresh start.